 Dungeon Crawl Stone Soup version 0.29.1-12-g30fa7ad0bf (webtiles) character file.

Game seed: 9058309517759921605

189 hawla the Chiller (level 6, -2/45 HPs)
             Began as a Meteoran Ice Elementalist on Jan 14, 2023.
             Slain by an ogre
             ... wielding a +0 giant spiked club
              (14 damage)
             ... on level 4 of the Dungeon.
             The game lasted 00:05:20 (597 turns).

hawla the Chiller (Meteoran Ice Elementalist)        Turns: 597, Time: 00:05:22

Health: -2/45      AC:  3    Str: 10    XL:     6   Next: 20%
Magic:  1/12       EV: 12    Int: 19    God:
Gold:   108        SH:  0    Dex: 14    Spells: 4/12 levels left

rFire   . . .      SeeInvis .   (no weapon)
rCold   . . .      Faith    .   (no shield)
rNeg    . . .      Spirit   .   a - +0 robe
rPois   .          Reflect  .   (no helmet)
rElec   .          Harm     .   (no cloak)
rCorr   .          Rampage  .   c - +0 pair of gloves
Will    .....                   (no boots)
Stlth   +.........              (no amulet)
HPRegen 0.15/turn               d - ring of wizardry
MPRegen 0.13/turn               (no ring)

@: freezing walls, glowing
A: sense surroundings 1, otherworldly, glowing, explore regen
a: no special abilities


You were on level 4 of the Dungeon.
You visited 1 branch of the dungeon, and saw 4 of its levels.

You collected 108 gold pieces.

Inventory:

Armour
 a - a +0 robe (worn)
 c - a +0 pair of gloves (worn)
Jewellery
 d - a ring of wizardry (left hand)
Scrolls
 f - a scroll of teleportation {unknown}
 g - a scroll of enchant weapon {unknown}
 h - a scroll of identify {unknown}
Potions
 b - a potion of magic
 i - 3 potions of heal wounds {unknown}


   Skills:
 - Level 2.6 Dodging
 - Level 1.4 Stealth
 - Level 3.7 Spellcasting
 + Level 4.2 Conjurations
 - Level 5.5 Ice Magic


You had 4 spell levels left.
You knew the following spells:

 Your Spells              Type           Power      Damage    Failure   Level
a - Freeze                Ice            96%        1d11      1%          1
b - Frozen Ramparts       Ice            48%        1d8       1%          3
c - Hailstorm             Conj/Ice       22%        3d7       8%          4

Your spell library contained the following spells:

 Spells                   Type           Power      Damage    Failure   Level
 Ozocubu's Armour         Ice            24%        N/A       1%          3
 Blink                    Tloc           6%         N/A       9%          2
 Manifold Assault         Tloc           3%         N/A       80%         5
 Storm Form               Tmut/Air       1%         N/A       100%        7


Dungeon Overview and Level Annotations

Branches:
Dungeon (4/15) Zot: 1801
 Temple: D:4-7

Altars:
Ashenzari


Innate Abilities, Weirdness & Mutations

You passively map a small area around you.
You are easily found by Zot.
You glow in the dark.
You regain HP and MP as you explore.


Message History

The wall freezes the gnoll.
The gnoll closely misses you.
Unknown command.
Casting: Freeze (safe; 1% risk of failure)
Confirm with . or Enter, or press ? or * to list all spells.
Aiming: Freeze (safe; 1% risk of failure)
Press: ? - help, Shift-Dir - straight line, f/p - gnoll
Aim: a gnoll, wielding a +0 spear (almost dead)
You freeze the gnoll.
You kill the gnoll!
Unknown command.
The frozen ramparts melt away as you move.
An endoplasm comes into view.
You see here a +0 spear.
An endoplasm is nearby!
Found a stone staircase leading up.
An endoplasm is nearby!
An ogre comes into view. It is wielding a +0 giant spiked club.
There is a stone staircase leading up here.
The ogre shouts!
You barely miss the ogre. You punch the ogre, but do no damage.
The ogre hits you with a +0 giant spiked club!!
Ouch! That really hurt!
* * * LOW HITPOINT WARNING * * *
Casting: Freeze (safe; 1% risk of failure)
Confirm with . or Enter, or press ? or * to list all spells.
Casting: Frozen Ramparts (safe; 1% risk of failure)
Press: ? - help, Dir - look around, f - activate The walls around you are covered in ice.
The wall freezes the endoplasm.
You kill the endoplasm!
Casting: Frozen Ramparts (safe; 1% risk of failure)
Confirm with . or Enter, or press ? or * to list all spells.
Aiming: Freeze (safe; 1% risk of failure)
Press: ? - help, Shift-Dir - straight line, f - ogre
Aim: an ogre, wielding a +0 giant spiked club You freeze the ogre!
The ogre is heavily wounded.
The wall freezes the ogre but does no damage.
The ogre hits you with a +0 giant spiked club!
You die...

...#...# , #.# ###.# *
*#'#* #, #.# #.# #.#
#.# , #.#########
##.##
#.#...J...###...## *
#.#.#####.##.....# ##
#.#.#####.###...#...#
#.)........<..@O....#
###.#####.####.##.....
#... ...# #.# *###
######### #.# #.# #.#
*** #.# * , #.# * ,


You could see an ogre.

Vanquished Creatures
  A scorpion (D:4)
  A hound (D:4)
  An orc wizard (D:4)
  3 gnolls (D:4)
  2 adders (D:3)
  A worm (D:4)
  3 orcs (D:4)
  2 ball pythons
  3 bats
  2 endoplasms
  2 giant cockroaches (D:1)
  3 goblins
  A hobgoblin (D:3)
  4 kobolds
  2 frilled lizards
  A rat (D:3)
32 creatures vanquished.

Notes
Turn   | Place    | Note
-------+----------+-------------------------------------------
     0 | D:1      | hawla the Meteoran Ice Elementalist began the quest for the
                  | Orb.
     0 | D:1      | Reached XP level 1. HP: 14/14 MP: 5/5
    46 | D:1      | Reached XP level 2. HP: 20/20 MP: 3/6
   286 | D:3      | Found a broken altar of Ashenzari.
   291 | D:3      | Reached skill level 5 in Ice Magic
   291 | D:3      | Reached XP level 3. HP: 24/26 MP: 2/8
   296 | D:3      | Learned a level 3 spell: Frozen Ramparts
   357 | D:4      | Reached XP level 4. HP: 20/33 MP: 4/10
   362 | D:4      | Learned a level 4 spell: Hailstorm
   408 | D:4      | Noticed a scorpion
   412 | D:4      | Killed a scorpion
   413 | D:4      | Reached XP level 5. HP: 38/38 MP: 3/11
   546 | D:4      | Reached XP level 6. HP: 27/45 MP: 0/12
   591 | D:4      | Noticed an ogre
   597 | D:4      | Slain by an ogre

Illustrated notes

Levels and vault maps discovered:
D:1:      lightli_arrival_boilingwater, layout_basic, minmay_gold_behind_fungi,
          minmay_cupped
D:2:      layout_loops_ring
D:3:      layout_rooms, old_standard_altar, serial_shops, shop_fountains
D:4:      layout_loops_corners, portal_sewer_entry_a, hangedman_glass_teeth

Skill      XL: |  1  2  3  4  5  6 |
---------------+-------------------+-----
Spellcasting   | 3 |  3.7
Ice Magic      | 5 |  5.5
Conjurations   | 2 3 4 |  4.2
Dodging        | |  2.6
Stealth        | |  1.4

Action                   |  1- 3 |  4- 6 || total
-------------------------+-------+-------++-------
Melee: Unarmed           |     6 |     1 ||     7
       Punch             |       |     1 ||     1
 Cast: Freeze            |    24 |    15 ||    39
       Frozen Ramparts   |       |     9 ||     9
  Use: Scroll            |       |     1 ||     1
Armor: Robe              |     6 |     2 ||     8
Dodge: Dodged            |    15 |     5 ||    20
